AoeStats
← Kfcchicago

Pilgrims

508417777Analyzed
3v3 RM · 8d ago on Sep 22, 2026· 42m 49s· 6 players
Game mode
Random Map
Map size
Normal (6 player)
Population
200
Speed
Normal
Resources
Standard
Victory
Conquest
Starting age
Dark Age
Ending age
Imperial Age
RankedLock teamsTeams togetherTeam positionsShared explorationLock speedFull tech treeHidden civsTurbo modeCheats
Victory
Defeat
🇨🇴 Japanese · Colombia
1155
+12
🇨🇴 Wei · Colombia
1125
+13
🇨🇴 Vikings · Colombia
1074
+15
🇫🇷 Wei · France
1076
-14
🇦🇷 Persians · Argentina
1072
-14
🇪🇸 Huns · Spain
1036
-12
hono3000
11:47 Feudal Age
12:17 Double-Bit Axe
12:41 Horse Collar
13:47 Gold Mining
15:07 Wheelbarrow
19:18 Castle Age
17:13 Fletching
17:06 Fishing Lines
17:24 Stone Mining
19:20 Scale Barding Armor
20:29 Chain Barding Armor
22:15 Husbandry
22:34 Forging
24:34 Medium Warships
24:51 Bow Saw
24:46 Heavy Plow
39:49 Imperial Age
37:10 Loom
37:44 Hand Cart
37:42 Bodkin Arrow
40:59 Iron Casting
41:18 Elite Tiger Cavalry
BrunoFierro
7:25 Loom
12:12 Feudal Age
13:58 Wheelbarrow
13:11 Double-Bit Axe
20:34 Castle Age
21:31 Thumb Ring
21:53 Padded Archer Armor
22:18 Gold Mining
22:31 Fletching
24:03 Horse Collar
25:36 Bow Saw
29:24 Bodkin Arrow
30:47 Leather Archer Armor
35:59 Hand Cart
36:19 Bloodlines
36:09 Husbandry
38:03 Gold Shaft Mining
39:49 Light Cavalry
武瑧
8:59 Loom
11:00 Feudal Age
15:23 Castle Age
13:42 Double-Bit Axe
13:41 Horse Collar
15:21 Fishing Lines
16:36 Bow Saw
16:37 Gillnets
17:48 Heavy Plow
19:42 Wheelbarrow
22:31 Scale Barding Armor
23:12 Husbandry
24:39 Bloodlines
26:37 Chain Barding Armor
27:04 Forging
28:58 Iron Casting
32:45 Imperial Age
30:32 Hand Cart
30:43 Gold Mining
30:44 Stone Mining
32:32 Cavalier
34:16 Blast Furnace
33:53 Plate Barding Armor
34:15 Crop Rotation
34:47 Two-Man Saw
36:15 Fletching
37:57 Bodkin Arrow
39:24 Ballistics
39:21 Savar
Kfcchicago
16:05 Feudal Age
20:53 Castle Age
19:53 Man-at-Arms
20:20 Arson
20:47 Forging
20:38 Scale Mail Armor
22:29 Gambesons
22:04 Long Swordsman
33:17 Clinker Construction
33:22 Careening
37:20 Squires
38:03 Iron Casting
41:40 Imperial Age
40:59 Chain Mail Armor
41:32 Ballistics
41:19 Chieftains
41:54 Two-Handed Swordsman
Baphomet
10:30 Feudal Age
10:59 Double-Bit Axe
15:18 Castle Age
13:29 Double-Bit Axe
13:26 Horse Collar
13:47 Gold Mining
14:27 Stone Mining
16:40 Wheelbarrow
16:31 Bow Saw
17:26 Gold Shaft Mining
19:53 Light Cavalry
20:46 Husbandry
21:49 Stone Shaft Mining
21:09 Fishing Lines
21:49 Heavy Plow
22:25 Hand Cart
23:46 Bloodlines
24:49 Forging
24:47 Scale Barding Armor
25:32 Tuntian
28:36 Forging
29:09 Chain Barding Armor
30:14 Thumb Ring
32:58 Iron Casting
33:29 Fletching
36:59 Imperial Age
34:28 Bodkin Arrow
36:15 Treadmill Crane
36:40 Padded Archer Armor
38:10 Ming Guang Armor
37:17 Elite Tiger Cavalry
39:27 Blast Furnace
39:13 Conscription
42:07 Heavy Hei Guang Cavalry
ian.7473
7:27 Loom
10:56 Feudal Age
15:10 Castle Age
13:46 Double-Bit Axe
14:39 Fletching
15:13 Gold Mining
16:16 Bow Saw
17:36 Wheelbarrow
17:21 Fishing Lines
19:03 Bodkin Arrow
20:08 Padded Archer Armor
21:43 Gillnets
22:27 Thumb Ring
22:12 Horse Collar
22:56 Leather Archer Armor
24:11 Ballistics
23:54 Husbandry
26:10 Heavy Plow
28:45 Bloodlines
35:47 Imperial Age
33:34 Hand Cart
35:15 Gold Shaft Mining
34:31 Stone Mining
36:11 Crossbowman
37:06 Bracer
38:09 Chemistry
39:08 Ring Archer Armor
39:51 Parthian Tactics
41:16 Siege Engineers
42:01 Kataparuto
41:04 Heavy Cavalry Archer
Connection lost

Rejoining the realm…

Still unreachable

The connection could not be restored.

Session expired

The server has moved on; the page needs a fresh start.